 Dungeon Crawl Stone Soup version 0.22-a0-433-gd2a9cce (webtiles) character file.

305 mortelune the Insei (level 6, -3/51 HPs)
             Began as a Draconian Transmuter on May 27, 2018.
             Blown up by Ijyb (7 damage)
             ... with a wand of disintegration (9)
             ... on level 4 of the Dungeon.
             The game lasted 00:12:54 (5293 turns).

mortelune the Insei (Draconian Transmuter)          Turns: 5293, Time: 00:12:55

Health: -3/51      AC:  7    Str: 13    XL:     6   Next: 15%
Magic:  1/10       EV: 13    Int: 13    God:
Gold:   135        SH:  0    Dex: 13    Spells: 1/11 levels left

rFire    x . .     SeeInvis .     - Unarmed
rCold    + + .     Gourm    .   (no shield)
rNeg     . . .     Faith    .   (armour unavailable)
rPois    .         Spirit   .   (helmet restricted)
rElec    .         Reflect  .   (no cloak)
rCorr    .         Harm     .   (no gloves)
MR       .....                  e - +0 pair of boots
Stlth    +.........             (no amulet)
HPRegen  0.17/turn              h - ring of ice
MPRegen  0.12/turn              u - ring of protection from cold

@: appendage (expiring), very slightly contaminated
A: unfitting armour, horns 2, cold-blooded, AC +6
a: End Transformation


You were on level 4 of the Dungeon.
You were hungry.
You had grown temporary horns.
You visited 1 branch of the dungeon, and saw 4 of its levels.

You collected 135 gold pieces.

Inventory:

Missiles
 a - 49 arrows
 d - 33 bolts
Armour
 e - a +0 pair of boots (worn)
 f - a +0 buckler
Jewellery
 h - a ring of ice (left hand)
 u - a ring of protection from cold (right hand)
Wands
 s - a wand of enslavement (13)
Scrolls
 g - 2 scrolls of identify
 i - 2 scrolls of remove curse
 k - a scroll of random uselessness {unknown}
 l - a scroll of fog {unknown}
 m - a scroll of magic mapping {unknown}
 n - a scroll of immolation {unknown}
 q - a scroll of teleportation {unknown}
Potions
 b - a potion of curing {unknown}
 j - a potion of resistance
 o - a potion of brilliance
 p - a potion of berserk rage {unknown}
 r - a potion of might {unknown}
Comestibles
 c - 5 rations


   Skills:
 + Level 3.0 Fighting
 - Level 3.0 Dodging
 + Level 4.1 Unarmed Combat
 * Level 3.2 Spellcasting
 * Level 3.4 Transmutations


You had one spell level left.
You knew the following spells:

 Your Spells              Type           Power        Failure   Level  Hunger
a - Beastly Appendage     Tmut           ##....       5%          1    #......
b - Sticks to Snakes      Tmut           ##......     9%          2    ##.....
c - Spider Form           Tmut/Pois      #.........   32%         3    ###....
d - Ice Form              Ice/Tmut       #.......     73%         4    #####..

Your spell library contained the following spells:

 Spells                   Type           Power        Failure   Level  Hunger
 Blade Hands              Tmut           ##........   83%         5    ######.


Dungeon Overview and Level Annotations

Branches:
Dungeon (4/15)
 Temple: D:4-7

Altars:
Wu Jian
Xom

Annotations:
D:4 Dowan, Duvessa, Ijyb


Innate Abilities, Weirdness & Mutations

Your plain brown scales are hard. (AC +6)
You cannot fit into any form of body armour.
You are cold-blooded and may be slowed by cold attacks.
You have a pair of horns on your head.


Message History

Ijyb zaps a wand.
Casting: Beastly Appendage (safe; 5% risk of failure)
Confirm with . or Enter, or press ? or * to list all spells.
You create a snake!
You now have 51 arrows.
You swap places.
Ijyb hits your ball python with a dagger of electrocution.
Your ball python dies!
Casting: Sticks to Snakes (safe; 9% risk of failure)
Confirm with . or Enter, or press ? or * to list all spells.
You create a snake!
You now have 50 arrows.
Ijyb zaps a wand.
You barely resist.
Ijyb zaps a wand.
Your ball python is blasted.
Your ball python is blown up!
Casting: Sticks to Snakes (safe; 9% risk of failure)
Confirm with . or Enter, or press ? or * to list all spells.
You create a snake!
You now have 49 arrows.
Ijyb screams, "I cut your head off!"
Ijyb zaps a wand.
You are blasted!
You die...

.#.....
##..^^..##.##..#
.......
....^_^.....#..#
.#....#
#.^.^........#
..
#............#
..#...#.##..#..#
#...$.#g##..#..#
..###.......#..#
. #.S........#
#..@#....#.
#...###..# #....
.... ....... .##
###..#### # ...
.... ####.


You could see Ijyb and a friendly adder.

Vanquished Creatures
  2 orc priests
  Natasha (twice) (D:3)
  2 orc wizards
  A hound skeleton (D:4)
  3 adders
  4 gnolls (D:3)
  A worm (D:3)
  5 dart slugs (D:1)
  8 orcs
  8 bats
  3 giant cockroaches
  6 goblins
  4 hobgoblins
  3 jackals
  2 ball pythons (D:1)
  3 frilled lizards
  6 kobolds
  7 rats
70 creatures vanquished.

Vanquished Creatures (collateral kills)
  2 orcs (D:3)
  A goblin (D:2)
3 creatures vanquished.

Grand Total: 73 creatures vanquished

Notes
Turn   | Place    | Note
-------+----------+-------------------------------------------
     0 | D:1      | mortelune the Draconian Transmuter began the quest for the Orb.
     0 | D:1      | Reached XP level 1. HP: 16/16 MP: 3/3
   256 | D:1      | Reached XP level 2. HP: 23/23 MP: 3/5
   392 | D:1      | Learned a level 2 spell: Sticks to Snakes
  1367 | D:1      | Reached XP level 3. HP: 28/29 MP: 4/6
  1868 | D:2      | Found an ornate altar of the Wu Jian Council.
  1987 | D:2      | Learned a level 3 spell: Spider Form
  2300 | D:2      | Reached XP level 4. HP: 36/36 MP: 7/7
  3247 | D:4      | Noticed Duvessa
  3247 | D:4      | Noticed Dowan
  3756 | D:4      | Reached XP level 5. HP: 17/42 MP: 6/9
  4042 | D:4      | Noticed Natasha
  4055 | D:3      | Killed Natasha
  4486 | D:3      | Noticed Natasha
  4614 | D:3      | Killed Natasha
  4614 | D:3      | Reached skill level 4 in Unarmed Combat
  4678 | D:3      | Learned a level 4 spell: Ice Form
  4698 | D:3      | Reached XP level 6. HP: 40/51 MP: 10/10
  5271 | D:4      | Found a shimmering altar of Xom.
  5273 | D:4      | Noticed Ijyb
  5293 | D:4      | Blown up by Ijyb

Vault maps used:
D:1:      onia_arrival_mini_spirals
D:2:      cheibrodos_helix_gallery, lemuel_crystal_altar
D:3:      first_ration
D:4:      zin_statuary, lightli_temple_of_fire, grunt_temple_overflow_opulence,
          hangedman_decor_lopped, dk_vineyard_1, xom_teletrap_fun, uniq_duvessa,
          uniq_ijyb, uniq_natasha

Skill      XL: |  1  2  3  4  5  6 |
---------------+-------------------+-----
Dodging        | 2 3 |  3.0
Fighting       | 2 3 |  3.0
Transmutations | 3 |  3.4
Spellcasting   | 3 |  3.2
Unarmed Combat | 4 |  4.1

Action                   |  1- 3 |  4- 6 || total
-------------------------+-------+-------++-------
Melee: Unarmed           |   120 |   133 ||   253
       Tailslap          |    12 |    22 ||    34
       Headbutt          |     3 |    17 ||    20
       Kick              |     1 |       ||     1
       Punch             |     1 |     3 ||     4
 Cast: Beastly Appendage |     9 |    16 ||    25
       Sticks to Snakes  |     3 |    12 ||    15
  Use: Potion            |     1 |     2 ||     3
       Scroll            |       |     4 ||     4
 Stab: Sleeping          |     1 |       ||     1
  Eat: Chunk             |     5 |     6 ||    11
       Ration            |       |     1 ||     1
Armor: Skin              |    34 |    37 ||    71
Dodge: Dodged            |    92 |    84 ||   176

Table legend:
 A = Spawn XP
 B = Non-spawn XP
 C = Spawn XP percentage of total XP
 D = Spawn monster count
 E = Non-spawn monster count
 F = Spawn count percentage of total count
 G = Total turns spent on level
                    A         B        C        D         E        F      G
               +---------+---------+-------+---------+---------+-------+---------
         Total |       0 |     436 |   0.0 |       0 |      73 |   0.0 |  5293
               +---------+---------+-------+---------+---------+-------+---------
           D:1 |       0 |      53 |   0.0 |       0 |      26 |   0.0 |  1866
           D:2 |       0 |      49 |   0.0 |       0 |      17 |   0.0 |   616
           D:3 |       0 |     228 |   0.0 |       0 |      23 |   0.0 |  2422
           D:4 |       0 |     106 |   0.0 |       0 |       7 |   0.0 |   389
               +---------+---------+-------+---------+---------+-------+---------
